 Dungeon Crawl Stone Soup version 0.19.4-8-ga85b6b9 (webtiles) character file.

77 doot the Poker (level 4, -2/34 HPs)
             Began as a Merfolk Gladiator on Feb 11, 2017.
             Killed by divine providence
             ... invoked by an orc priest
              (11 damage)
             ... on level 3 of the Dungeon.
             The game lasted 00:03:22 (1371 turns).

doot the Poker (Merfolk Gladiator)                  Turns: 1371, Time: 00:03:25

Health: -2/34      AC:  8    Str: 21    XL:     4   Next: 34%
Magic:  4/4        EV: 14    Int:  7    God:
Gold:   121        SH:  0    Dex: 14    Spells: 0 memorised, 3 levels left

rFire  . . .     SeeInvis .     a - +0 trident
rCold  . . .     Gourm    .     b - +0 leather armour
rNeg   . . .     Faith    .     (no shield)
rPois  .         Spirit   .     c - +0 helmet
rElec  .         Reflect  .     r - +0 cloak
rCorr  .         Harm     .     (no gloves)
MR     .....                    h - +2 pair of boots
Stlth  ..........               (no amulet)
                                p - ring of loudness (curse)
                                g - +5 ring of strength (curse)

@: no status effects
A: change form in water, swift swim, stealthy swim
a: no special abilities


You were on level 3 of the Dungeon.
You were near starving.

You visited 1 branch of the dungeon, and saw 3 of its levels.

You collected 121 gold pieces.

Inventory:

Hand Weapons
 a - a +0 trident (weapon)
Missiles
 d - 4 throwing nets (quivered)
Armour
 b - a +0 leather armour (worn)
 c - a +0 helmet (worn)
 h - a +2 pair of boots (worn)
 r - a +0 cloak (worn)
Jewellery
 g - a cursed +5 ring of strength (left hand)
 p - a cursed ring of loudness (right hand)
Scrolls
 i - 2 scrolls of remove curse {unknown}
 k - a scroll of amnesia {unknown}
 o - a scroll of enchant armour {unknown}
 q - a scroll of enchant weapon {unknown}
Potions
 e - 3 potions of brilliance {unknown}
 l - a potion of flight {unknown}
 m - a potion of agility {unknown}
 n - a potion of berserk rage {unknown}
Comestibles
 f - 2 bread rations
 j - 2 beef jerkies


   Skills:
 + Level 2.5 Fighting
 * Level 6.0 Polearms
 + Level 2.1 Throwing
 + Level 0.3 Armour
 * Level 4.7 Dodging
 + Level 1.0 Stealth


You had 3 spell levels left.
You didn't know any spells.

Dungeon Overview and Level Annotations

Branches:
Dungeon (3/15)

Altars:


Message History

The orc priest shouts!
The orc wizard shouts!
Attack whom?
Press: ? - help, Dir - move target cursor, f - orc
Aim: an orc, wielding a club You reach to attack!
You closely miss the orc.
The orc priest mumbles some strange prayers to Beogh against you.
Beogh smites you!
You closely miss the orc. The orc hits you with a club.
You puncture the orc!
You kill the orc!
You hit the orc wizard.
The orc wizard is moderately wounded.
The orc priest barely misses you.
You hit the orc wizard but do no damage.
The orc wizard is moderately wounded.
The orc wizard closely misses you. The orc hits you with a flail!
* * * LOW HITPOINT WARNING * * *
The orc priest calls down the wrath of Beogh upon you.
Beogh smites you!
You die...

#.#
#.#########.#
#.##
#...........#
#..#
#.#########.#
##.# #.# #..#
#.# #.# #..#
#.# #.#
#####..###
#.# #.#
#........#
##.####.#
#.###..#.#
........#
#@o#)#
##.######
#oo# # #.#
#..# #.# #..#
#.# #..# ...
...# #.# ##.#
#. .#


You could see an orc priest, an orc wizard and an orc.

Vanquished Creatures
  3 adders
  An ooze (D:1)
  2 dart slugs (D:1)
  2 leopard geckos
  An orc (D:3)
  3 giant cockroaches
  8 goblins
  3 hobgoblins
  7 kobolds
  A bat (D:3)
  6 frilled lizards
  6 rats
43 creatures vanquished.

Notes
Turn   | Place    | Note
-------+----------+-------------------------------------------
     0 | D:1      | doot the Merfolk Gladiator began the quest for the Orb.
     0 | D:1      | Reached XP level 1. HP: 16/16 MP: 1/1
   184 | D:1      | Reached XP level 2. HP: 22/22 MP: 2/2
   550 | D:1      | Reached skill level 5 in Polearms
   742 | D:2      | Reached XP level 3. HP: 27/27 MP: 3/3
  1132 | D:3      | Reached XP level 4. HP: 34/34 MP: 4/4
  1182 | D:3      | Reached skill level 1 in Stealth
  1244 | D:3      | Reached skill level 6 in Polearms
  1371 | D:3      | Killed from afar by an orc priest

Skill      XL: |  1  2  3  4 |
---------------+-------------+-----
Polearms       | 5 6 |  6.0
Stealth        | 1 |  1.0
Fighting       | |  2.5
Throwing       | |  2.1
Armour         | |  0.3
Dodging        | |  4.7

Action                   |  1- 3 |  4- 6 || total
-------------------------+-------+-------++-------
Melee: Trident           |   113 |    21 ||   134
 Stab: Sleeping          |     3 |       ||     3
Armor: Leather armour    |    18 |       ||    18
Dodge: Dodged            |    56 |    10 ||    66
